AAA
WINSTON-SALEM WARTHOGS @ VANCOUVER THUNDERBIRDS
05/22/2060
 
TOP OF THE 1ST
Winston-Salem Warthogs batting - Pitching for Vancouver Thunderbirds : LHP Preston DeGeyter
Pitching: LHP Preston DeGeyter
Batting: LHB Felton Kirt 0-0: Called Strike
0-1: SINGLE (Flyball, 78S, EV 93.1 MPH)
Batting: RHB Dominick Booth 0-0: Called Strike
Felton Kirt is caught stealing 2nd base 2-4
0-1: Ball
1-1: Swinging Strike
1-2: Foul Ball, location: 2F
1-2: Strikes out swinging
Batting: RHB Johnathan Shillito 0-0: Ground out 5-3 (Groundball, 56S, EV 75.0 MPH)
Top of the 1st over - 0 runs, 1 hit, 0 errors, 0 left on base; Winston-Salem 0 - Vancouver 0
BOTTOM OF THE 1ST
Vancouver Thunderbirds batting - Pitching for Winston-Salem Warthogs : RHP Derek Nabavi
Pitching: RHP Derek Nabavi
Batting: RHB Jovan Elerson 0-0: Called Strike
0-1: Foul Ball, location: 2F
0-2: Ball
1-2: Strikes out swinging
Batting: RHB Allen Zuber 0-0: Called Strike
0-1: Foul Ball, location: 2F
0-2: Fly out, F8 (Flyball, 8RD, EV 105.0 MPH)
Batting: SHB Dennis Daley 0-0: Ball
1-0: Ball
2-0: Ball
3-0: Base on Balls
Batting: SHB Kyle O'Brien 0-0: Called Strike
0-1: Foul Ball, location: 2F
0-2: Ball
1-2: Foul Ball, location: 2F
1-2: SINGLE (Groundball, 4D, EV 94.4 MPH)
Dennis Daley to second
Runner from 2nd tries for 3rd, SAFE, throw by CF made to third
Batting: LHB Drake Busler 0-0: Called Strike
0-1: Ball
1-1: SINGLE (Flyball, 8RS, EV 98.1 MPH)
Dennis Daley scores
Kyle O'Brien to second
Batting: RHB Isaac Merolla 0-0: Ball
1-0: Called Strike
1-1: SINGLE (Line Drive, 3D, EV 100.6 MPH)
Kyle O'Brien to third
Drake Busler to second
Runner from 3rd tries for Home, throw by RF and OUT! 9-2
Bottom of the 1st over - 1 run, 3 hits, 0 errors, 2 left on base; Winston-Salem 0 - Vancouver 1
TOP OF THE 2ND
Winston-Salem Warthogs batting - Pitching for Vancouver Thunderbirds : LHP Preston DeGeyter
Batting: RHB Kyle Patri 0-0: Called Strike
0-1: Ball
1-1: Fly out, F9 (Flyball, 9, EV 90.0 MPH)
Batting: RHB Devon Abrams 0-0: Called Strike
0-1: Foul Ball, location: 2F
0-2: Ball
1-2: Strikes out swinging
Batting: LHB Stefan Ciolino 0-0: Called Strike
0-1: SINGLE (Groundball, 4D, EV 94.4 MPH)
Batting: RHB Allen Stoll 0-0: Ball
1-0: Foul Ball, location: 2F
1-1: Ball
2-1: Foul Ball, location: 2F
2-2: Strikes out swinging
Top of the 2nd over - 0 runs, 1 hit, 0 errors, 1 left on base; Winston-Salem 0 - Vancouver 1
BOTTOM OF THE 2ND
Vancouver Thunderbirds batting - Pitching for Winston-Salem Warthogs : RHP Derek Nabavi
Batting: RHB Karviar Smallwood 0-0: Called Strike
0-1: SINGLE (Groundball, 34D, EV 106.2 MPH)
Batting: RHB Kamryn Mazzocchi 0-0: Foul Ball, location: 2F
0-1: SINGLE (Groundball, P, EV 81.9 MPH) (infield hit)
Karviar Smallwood to second
Batting: RHB Del Tarrance 0-0: Ball
1-0: Swinging Strike
1-1: Foul Ball, location: 2F
1-2: Strikes out swinging
Batting: RHB Jovan Elerson 0-0: Grounds into double play, 6-4-3 (Groundball, 6S, EV 78.1 MPH)
Bottom of the 2nd over - 0 runs, 2 hits, 0 errors, 1 left on base; Winston-Salem 0 - Vancouver 1
TOP OF THE 3RD
Winston-Salem Warthogs batting - Pitching for Vancouver Thunderbirds : LHP Preston DeGeyter
Batting: LHB Lewis O'Connor 0-0: Foul Ball, location: 2F
0-1: Fly out, F7 (Flyball, 7LSF, EV 78.8 MPH)
Batting: RHB Todd Abarca 0-0: Foul Ball, location: 2F
0-1: Called Strike
0-2: Ball
1-2: Ball
2-2: Ball
3-2: Strikes out looking
Batting: LHB Felton Kirt 0-0: Ball
1-0: Swinging Strike
1-1: Foul Ball, location: 2F
1-2: SINGLE (Groundball, 4MD, EV 104.4 MPH)
Batting: RHB Dominick Booth 0-0: Ball
1-0: Swinging Strike
1-1: 2-RUN HOME RUN (Flyball, 7D, EV 91.2 MPH), Distance : 358 ft
Batting: RHB Johnathan Shillito 0-0: Ground out 5-3 (Groundball, 56S, EV 86.9 MPH)
Top of the 3rd over - 2 runs, 2 hits, 0 errors, 0 left on base; Winston-Salem 2 - Vancouver 1
BOTTOM OF THE 3RD
Vancouver Thunderbirds batting - Pitching for Winston-Salem Warthogs : RHP Derek Nabavi
Batting: RHB Allen Zuber 0-0: Ball
1-0: Called Strike
1-1: Foul Ball, location: 2F
1-2: Foul Ball, location: 2F
1-2: Ball
2-2: Ball
3-2: Strikes out swinging
Batting: SHB Dennis Daley 0-0: Ball
1-0: Foul Ball, location: 2F
1-1: Swinging Strike
1-2: Ball
2-2: SINGLE (Groundball, 25, EV 60.0 MPH) (infield hit)
Batting: SHB Kyle O'Brien 0-0: Ball
Dennis Daley steals 2nd base
1-0: Called Strike
1-1: Ball
2-1: Ball
3-1: 2-RUN HOME RUN (Line Drive, 89XD, EV 103.8 MPH), Distance : 421 ft
Batting: LHB Drake Busler 0-0: Ball
1-0: Foul Ball, location: 2F
1-1: Ball
2-1: Foul Ball, location: 2F
2-2: SOLO HOME RUN (Flyball, 89XD, EV 96.9 MPH), Distance : 377 ft
Batting: RHB Isaac Merolla 0-0: SINGLE (Flyball, 89S, EV 91.2 MPH)
Batting: RHB Karviar Smallwood 0-0: Ball
1-0: Foul Ball, location: 2F
1-1: Ball
2-1: Ball
3-1: Called Strike
3-2: Base on Balls
Isaac Merolla to second
Batting: RHB Kamryn Mazzocchi 0-0: Fly out, F9 (Flyball, 9LD, EV 101.9 MPH)
Batting: RHB Del Tarrance 0-0: Foul Ball, location: 2F
0-1: Called Strike
0-2: DOUBLE (Flyball, 8LXD, EV 106.2 MPH)
Isaac Merolla scores
Karviar Smallwood to third
Runner from 3rd tries for Home, SAFE, throw by CF to home
Pitching: RHP Denard Weatherby
Batting: RHB Jovan Elerson 0-0: Called Strike
0-1: Ball
1-1: Called Strike
1-2: Strikes out swinging
Bottom of the 3rd over - 5 runs, 5 hits, 0 errors, 1 left on base; Winston-Salem 2 - Vancouver 6
TOP OF THE 4TH
Winston-Salem Warthogs batting - Pitching for Vancouver Thunderbirds : LHP Preston DeGeyter
Batting: RHB Kyle Patri 0-0: Called Strike
0-1: Swinging Strike
0-2: Ball
1-2: Strikes out swinging
Batting: RHB Devon Abrams 0-0: Called Strike
0-1: Swinging Strike
0-2: Ball
1-2: Foul Ball, location: 2F
1-2: Strikes out swinging
Batting: LHB Stefan Ciolino 0-0: Ball
1-0: Ball
2-0: Called Strike
2-1: Ball
3-1: Base on Balls
Batting: RHB Allen Stoll 0-0: Called Strike
0-1: Foul Ball, location: 2F
0-2: Ball
1-2: Foul Ball, location: 2F
1-2: Strikes out swinging
Top of the 4th over - 0 runs, 0 hits, 0 errors, 1 left on base; Winston-Salem 2 - Vancouver 6
BOTTOM OF THE 4TH
Vancouver Thunderbirds batting - Pitching for Winston-Salem Warthogs : RHP Denard Weatherby
Batting: RHB Allen Zuber 0-0: Ball
1-0: Foul Ball, location: 2F
1-1: Foul Ball, location: 2F
1-2: Ball
2-2: Fly out, F8 (Flyball, 8LD, EV 91.2 MPH)
Batting: SHB Dennis Daley 0-0: Ball
1-0: Ball
2-0: Called Strike
2-1: SINGLE (Line Drive, 6MD, EV 94.4 MPH)
Batting: SHB Kyle O'Brien 0-0: Called Strike
0-1: Called Strike
0-2: Strikes out looking
Batting: LHB Drake Busler 0-0: Called Strike
0-1: Fielders Choice at 2nd, U6 (Groundball, 6M, EV 80.0 MPH)
Bottom of the 4th over - 0 runs, 1 hit, 0 errors, 1 left on base; Winston-Salem 2 - Vancouver 6
TOP OF THE 5TH
Winston-Salem Warthogs batting - Pitching for Vancouver Thunderbirds : LHP Preston DeGeyter
Batting: LHB Lewis O'Connor 0-0: Called Strike
0-1: Fly out, F8 (Flyball, 8RM, EV 83.1 MPH)
Batting: RHB Todd Abarca 0-0: Swinging Strike
0-1: Ball
1-1: Swinging Strike
1-2: Strikes out swinging
Batting: LHB Felton Kirt 0-0: Foul Ball, location: 2F
0-1: Ball
1-1: Foul Ball, location: 2F
1-2: Fly out, F3 (Popup, 3F, EV 65.6 MPH)
Top of the 5th over - 0 runs, 0 hits, 0 errors, 0 left on base; Winston-Salem 2 - Vancouver 6
BOTTOM OF THE 5TH
Vancouver Thunderbirds batting - Pitching for Winston-Salem Warthogs : RHP Denard Weatherby
Batting: RHB Isaac Merolla 0-0: Ball
1-0: Foul Ball, location: 2F
1-1: Ball
2-1: Swinging Strike
2-2: Foul Ball, location: 2F
2-2: Ball
3-2: Foul Ball, location: 2F
3-2: Foul Ball, location: 2F
3-2: Foul Ball, location: 2F
3-2: SINGLE (Groundball, 4, EV 99.4 MPH)
Batting: RHB Karviar Smallwood 0-0: Ball
1-0: Foul Ball, location: 2F
1-1: Ball
2-1: Foul Ball, location: 2F
2-2: Fielders Choice at 2nd, 5-4 (Groundball, 5L, EV 83.8 MPH)
Batting: RHB Kamryn Mazzocchi 0-0: Foul Ball, location: 2F
0-1: Foul Ball, location: 2F
0-2: Strikes out swinging
Batting: RHB Del Tarrance 0-0: Ball
1-0: Foul Ball, location: 2F
1-1: Fly out, F8 (Flyball, 89M, EV 81.2 MPH)
Bottom of the 5th over - 0 runs, 1 hit, 0 errors, 1 left on base; Winston-Salem 2 - Vancouver 6
TOP OF THE 6TH
Winston-Salem Warthogs batting - Pitching for Vancouver Thunderbirds : LHP Preston DeGeyter
Batting: RHB Dominick Booth 0-0: Called Strike
0-1: Ball
1-1: Swinging Strike
1-2: Strikes out swinging
Batting: RHB Johnathan Shillito 0-0: Called Strike
0-1: SINGLE (Line Drive, 7LS, EV 103.1 MPH)
Batting: RHB Kyle Patri 0-0: Ball
1-0: Foul Ball, location: 2F
1-1: Swinging Strike
1-2: Reached on error, E6 (Groundball, 56D, EV 103.1 MPH)
Johnathan Shillito to second
Batting: RHB Devon Abrams 0-0: Called Strike
0-1: Ball
1-1: Ball
2-1: Foul Ball, location: 2F
2-2: Foul Ball, location: 2F
2-2: Strikes out looking
Batting: LHB Stefan Ciolino 0-0: Called Strike
0-1: Foul Ball, location: 2F
0-2: Ball
1-2: SINGLE (Line Drive, 89M, EV 103.1 MPH)
Johnathan Shillito to third
Kyle Patri to second
Runner from 3rd tries for Home, SAFE, throw by CF to home
Batting: RHB Allen Stoll 0-0: Ball
1-0: Ball
2-0: Called Strike
2-1: Called Strike
2-2: Strikes out swinging
Top of the 6th over - 1 run, 2 hits, 1 error, 2 left on base; Winston-Salem 3 - Vancouver 6
BOTTOM OF THE 6TH
Vancouver Thunderbirds batting - Pitching for Winston-Salem Warthogs : RHP Denard Weatherby
Batting: RHB Jovan Elerson 0-0: Ball
1-0: Called Strike
1-1: Ball
2-1: Ball
3-1: Foul Ball, location: 2F
3-2: Ground out 5-3 (Groundball, 56S, EV 85.6 MPH)
Batting: RHB Allen Zuber 0-0: Fly out, F7 (Flyball, 78M, EV 77.5 MPH)
Batting: SHB Dennis Daley 0-0: Ball
1-0: Ball
2-0: Fly out, F8 (Line Drive, 8LM, EV 98.8 MPH)
Bottom of the 6th over - 0 runs, 0 hits, 0 errors, 0 left on base; Winston-Salem 3 - Vancouver 6
TOP OF THE 7TH
Winston-Salem Warthogs batting - Pitching for Vancouver Thunderbirds : LHP Preston DeGeyter
Batting: LHB Lewis O'Connor 0-0: Called Strike
0-1: Swinging Strike
0-2: Strikes out swinging
Batting: RHB Todd Abarca 0-0: Swinging Strike
0-1: Ball
1-1: Foul Ball, location: 2F
1-2: Ball
2-2: Ball
3-2: Strikes out swinging
Batting: LHB Felton Kirt 0-0: Foul Ball, location: 2F
0-1: SINGLE (Flyball, 7LM, EV 90.6 MPH)
Pitching: RHP Ed Brooks
Batting: RHB Dominick Booth 0-0: Called Strike
Felton Kirt is caught stealing 2nd base 2-4
Top of the 7th over - 0 runs, 1 hit, 0 errors, 0 left on base; Winston-Salem 3 - Vancouver 6
BOTTOM OF THE 7TH
Vancouver Thunderbirds batting - Pitching for Winston-Salem Warthogs : RHP Denard Weatherby
Batting: SHB Kyle O'Brien 0-0: Called Strike
0-1: SINGLE (Line Drive, 89M, EV 108.1 MPH)
Batting: LHB Drake Busler 0-0: SINGLE (Line Drive, 4D, EV 94.4 MPH)
Kyle O'Brien to second
Batting: RHB Isaac Merolla 0-0: Swinging Strike
0-1: Foul Ball, location: 2F
0-2: Ball
1-2: Grounds into double play, 5-4-3 (Groundball, 56, EV 90.0 MPH)
Kyle O'Brien to third
Batting: RHB Karviar Smallwood 0-0: Swinging Strike
0-1: Ball
1-1: Swinging Strike
1-2: Foul Ball, location: 2F
1-2: Ball
2-2: Ball
3-2: Foul Ball, location: 2F
3-2: Foul Ball, location: 2F
3-2: Strikes out looking
Bottom of the 7th over - 0 runs, 2 hits, 0 errors, 1 left on base; Winston-Salem 3 - Vancouver 6
TOP OF THE 8TH
Winston-Salem Warthogs batting - Pitching for Vancouver Thunderbirds : RHP Ed Brooks
Batting: RHB Dominick Booth 0-0: Swinging Strike
0-1: Swinging Strike
0-2: Ball
1-2: Strikes out swinging
Batting: RHB Johnathan Shillito 0-0: Ball
1-0: Foul Ball, location: 2F
1-1: Fly out, F7 (Line Drive, 7, EV 90.6 MPH)
Batting: RHB Kyle Patri 0-0: Foul Ball, location: 2F
0-1: Ball
1-1: Ground out 1-3 (Groundball, 13S, EV 69.4 MPH)
Top of the 8th over - 0 runs, 0 hits, 0 errors, 0 left on base; Winston-Salem 3 - Vancouver 6
BOTTOM OF THE 8TH
Vancouver Thunderbirds batting - Pitching for Winston-Salem Warthogs : RHP Denard Weatherby
Pitching: RHP Cassius Orton
Batting: RHB Kamryn Mazzocchi 0-0: Ball
1-0: Called Strike
1-1: Swinging Strike
1-2: SOLO HOME RUN (Flyball, 7D, EV 93.1 MPH), Distance : 354 ft
Batting: RHB Del Tarrance 0-0: Ball
1-0: Swinging Strike
1-1: Ball
2-1: Swinging Strike
2-2: Strikes out swinging
Batting: RHB Jovan Elerson 0-0: Ball
1-0: Swinging Strike
1-1: Ball
2-1: Ball
3-1: Foul Ball, location: 2F
3-2: Foul Ball, location: 2F
3-2: Strikes out swinging
Batting: RHB Allen Zuber 0-0: Called Strike
0-1: Swinging Strike
0-2: SINGLE (Groundball, 6MD, EV 110.0 MPH)
Batting: SHB Dennis Daley 0-0: Called Strike
0-1: Called Strike
0-2: Ball
1-2: Ground out 4-3 (Groundball, 4, EV 83.8 MPH)
Bottom of the 8th over - 1 run, 2 hits, 0 errors, 1 left on base; Winston-Salem 3 - Vancouver 7
TOP OF THE 9TH
Winston-Salem Warthogs batting - Pitching for Vancouver Thunderbirds : RHP Ed Brooks
Batting: RHB Devon Abrams 0-0: Foul Ball, location: 2F
0-1: Ball
1-1: Ball
2-1: Swinging Strike
2-2: Foul Ball, location: 2F
2-2: SINGLE (Flyball, 34D, EV 88.1 MPH)
Batting: LHB Stefan Ciolino 0-0: Ball
1-0: Ball
2-0: Ball
3-0: Called Strike
3-1: Ground out 4-3 (Groundball, 4MS, EV 62.5 MPH)
Devon Abrams to second
Pinch Hitting: LHB Sean Castelli 0-0: Ball
1-0: Ball
2-0: Ball
3-0: Base on Balls
Pitching: RHP Brad Wiese
Batting: LHB Lewis O'Connor 0-0: Ball
1-0: Grounds into double play, 4-6-3 (Groundball, 4M, EV 85.6 MPH)
Top of the 9th over - 0 runs, 1 hit, 0 errors, 1 left on base; Winston-Salem 3 - Vancouver 7
Wednesday, May 1st , 2024 - OOTP Baseball 23.10 Build 110